 Dungeon Crawl Stone Soup version 0.17-a0-1382-gc46a074 (webtiles) character file.

10597 ololoev the Basher (level 11, 0/109 (111) HPs)
             Began as an Ogre Hunter on June 15, 2015.
             Was a High Priest of Okawaru.
             Slain by Snorg (18 damage)
             ... on level 12 of the Dungeon.
             The game lasted 00:27:19 (11736 turns).

ololoev the Basher (Ogre Hunter)                   Turns: 11736, Time: 00:27:19

HP:   0/109 (111)   AC: 11    Str: 22    XL:     11   Next: 64%
MP:   11/11         EV: 15    Int: 10    God:    Okawaru [*****.]
Gold: 244           SH:  0    Dex: 10    Spells: 1 memorised, 7 levels left

rFire  + . .     SeeInvis .     a - +3 flail (protect)
rCold  . . .     Clarity  .     R - +1 troll leather armour
rNeg   . . .     SustAt   .     (no shield)
rPois  .         Gourm    .     (helmet restricted)
rElec  .         Spirit   .     (no cloak)
rCorr  .         Warding  .     (gloves unavailable)
rMut   .         Stasis   .     (boots unavailable)
MR     +....                    z - amulet of regeneration
Stlth  +.........               o - +4 ring of evasion
                                I - +5 ring of slaying

@: somewhat resistant to hostile enchantments, very unstealthy
A: unfitting armour, fire resistance 1, tough skin 1
a: Heroism, Finesse, Renounce Religion


Innate Abilities, Weirdness & Mutations

You are too large for most types of armour.
You have tough skin (AC +1).
Your flesh is heat resistant.

Inventory:

Hand weapons
 a - a +3 flail of protection (weapon)
 b - a +0 blowgun
 M - a +0 giant spiked club
Missiles
 g - 8 poisoned javelins
 w - 9 silver javelins
 E - 8 large rocks (quivered)
 J - 9 tomahawks of dispersal
 L - 4 curare-tipped needles
 Q - 7 needles of paralysis
Armour
 R - a +1 troll leather armour (worn)
Jewellery
 m - an uncursed ring of protection from cold
 o - a +4 ring of evasion (right hand)
 q - an uncursed ring of protection from magic
 z - an amulet of regeneration (around neck)
 I - a +5 ring of slaying (left hand)
Scrolls
 j - 5 scrolls of teleportation
 n - 4 scrolls of recharging
 s - a scroll of fear
 y - 4 scrolls of remove curse
 C - 2 scrolls of fog
 D - 2 scrolls of magic mapping
 F - a scroll of immolation {unknown}
 G - a scroll of enchant weapon
 O - a scroll of random uselessness {unknown}
Potions
 c - a potion of degeneration {unknown}
 f - 2 potions of haste
 h - 4 potions of curing
 i - 3 potions of cancellation
 l - 2 potions of agility
 t - a potion of flight
 v - 2 potions of heal wounds
 A - a potion of might
 B - a potion of resistance
 H - 3 potions of ambrosia
 K - a potion of brilliance {unknown}
Miscellaneous
 r - a phial of floods
 N - a stone of tremors
Comestibles
 d - 2 slices of pizza
 e - 11 bread rations
 p - 5 meat rations
 u - 3 beef jerkies
 P - 18 chunks of flesh


   Skills:
 + Level 8.1 Fighting
 * Level 14.9 Maces & Flails
 + Level 10.2 Throwing
 + Level 5.0 Armour
 + Level 5.7 Dodging
 - Level 0.7 Stealth


You had 7 spell levels left.
You knew the following spells:

 Your Spells              Type           Power        Failure   Level  Hunger
a - Regeneration          Chrm/Necr      #.........   95%         3    ####...


You were on level 12 of the Dungeon.
You worshipped Okawaru.
Okawaru was extremely pleased with you.
You were not hungry.

You visited 2 branches of the dungeon, and saw 13 of its levels.

You collected 479 gold pieces.
You spent 235 gold pieces at shops.

.# .. .# ######.###
#####........# ####+##
##............#
.....(.##..###........#
......T#..## #........#
.......@.## #..(.....#
.......### #........#
....... #........#
..%.... #........#
####+## #........#
#####..### ######.####
......†.....
......(..)..

Notes
Turn   | Place    | Note
--------------------------------------------------------------
     0 | D:1      | ololoev the Ogre Hunter began the quest for the Orb.
     0 | D:1      | Reached XP level 1. HP: 22/22 MP: 1/1
   235 | D:1      | Reached skill level 1 in Maces & Flails
   235 | D:1      | Reached XP level 2. HP: 23/29 MP: 2/2
   493 | D:1      | Reached XP level 3. HP: 36/36 MP: 3/3
  1006 | D:2      | Reached skill level 5 in Throwing
  1150 | D:2      | Reached XP level 4. HP: 36/44 MP: 4/4
  2488 | D:3      | Reached XP level 5. HP: 42/50 MP: 5/5
  2893 | D:3      | Reached skill level 5 in Maces & Flails
  2975 | D:3      | Found an ancient bone altar of Kikubaaqudgha.
  2993 | D:3      | Noticed ololoev's ghost (average OgAM)
  3029 | D:3      | Killed ololoev's ghost
  3029 | D:3      | Reached XP level 6. HP: 59/59 MP: 6/6
  3343 | D:4      | Found a stormy altar of Qazlal.
  3346 | D:4      | Found an iron altar of Okawaru.
  3347 | D:4      | Found a white marble altar of Elyvilon.
  3351 | D:4      | Found a sparkling altar of Nemelex Xobeh.
  3365 | D:4      | Became a worshipper of Warmaster Okawaru
  3400 | D:4      | Reached skill level 6 in Maces & Flails
  3495 | D:4      | Found a shadowy altar of Dithmenos.
  3836 | D:4      | Found a staircase to the Ecumenical Temple.
  3900 | D:4      | Reached skill level 7 in Maces & Flails
  3931 | Temple   | Entered the Ecumenical Temple
  4183 | D:5      | Entered Level 5 of the Dungeon
  4219 | D:5      | Reached XP level 7. HP: 58/66 MP: 7/7
  4371 | D:5      | Found Wotenwa's Magic Scroll Emporium.
  4379 | D:5      | Bought a scroll of identify for 20 gold pieces
  4379 | D:5      | Bought a scroll of identify for 20 gold pieces
  4379 | D:5      | Bought a scroll of fog for 20 gold pieces
  4379 | D:5      | Bought a scroll of remove curse for 30 gold pieces
  4379 | D:5      | Bought a scroll of magic mapping for 35 gold pieces
  4476 | D:5      | Reached skill level 8 in Maces & Flails
  4499 | D:5      | Acquired Okawaru's first power
  4700 | D:5      | Reached skill level 9 in Maces & Flails
  4805 | D:5      | Reached XP level 8. HP: 66/74 MP: 8/8
  4844 | D:5      | Bought a scroll of amnesia for 35 gold pieces
  5489 | D:6      | Reached skill level 10 in Maces & Flails
  5559 | D:6      | Gained mutation: Your flesh is heat resistant. [mutagenic meat]
  5704 | D:6      | Reached skill level 11 in Maces & Flails
  6105 | D:6      | Found a blossoming altar of Fedhas.
  6190 | D:7      | Noticed a deep elf mage
  6210 | D:7      | Killed a deep elf mage
  6210 | D:7      | Reached XP level 9. HP: 72/81 MP: 9/9
  6305 | D:7      | Reached skill level 1 in Armour
  7522 | D:5      | Bought a scroll of enchant weapon for 75 gold pieces
  7839 | D:8      | Reached skill level 12 in Maces & Flails
  7913 | D:8      | Found a deep blue altar of Sif Muna.
  8040 | D:8      | Noticed a purple ugly thing
  8044 | D:8      | Killed a purple ugly thing
  8044 | D:8      | Received a gift from Okawaru
  8411 | D:8      | Reached skill level 5 in Fighting
  8411 | D:8      | Reached XP level 10. HP: 85/96 MP: 10/10
  8878 | D:9      | Reached skill level 13 in Maces & Flails
  8960 | D:9      | Found a staircase to the Lair.
  9679 | D:9      | You fall through a shaft!
  9679 | D:10     | Entered Level 10 of the Dungeon
  9695 | D:10     | Learned a level 3 spell: Regeneration
  9956 | D:10     | Found Derheob's Book Shop.
  9956 | D:10     | Noticed a hill giant
  9958 | D:10     | Killed a hill giant
  9958 | D:10     | Received a gift from Okawaru
 10290 | D:10     | Found a portal to a secret trove of treasure.
 10365 | D:10     | Noticed Grum
 10381 | D:10     | Killed Grum
 10613 | D:10     | Received a gift from Okawaru
 10782 | D:11     | Acquired Okawaru's second power
 10782 | D:11     | Reached skill level 14 in Maces & Flails
 10791 | D:11     | Received a gift from Okawaru
 10791 | D:11     | Reached XP level 11. HP: 94/105 MP: 11/11
 10839 | D:11     | Found a staircase to the Orcish Mines.
 10861 | D:11     | Reached skill level 5 in Dodging
 11064 | D:11     | Found Kavuisao's Antique Armour Boutique.
 11118 | D:11     | Noticed a cyclops
 11120 | D:11     | Killed a cyclops
 11245 | D:11     | Received a gift from Okawaru
 11374 | D:11     | Received a gift from Okawaru
 11521 | D:11     | Reached skill level 10 in Throwing
 11643 | D:12     | Noticed a hill giant
 11669 | D:12     | Received a gift from Okawaru
 11690 | D:12     | Killed a hill giant
 11690 | D:12     | Reached skill level 5 in Armour
 11727 | D:12     | Noticed Snorg
 11736 | D:12     | Slain by Snorg

Dungeon Overview and Level Annotations

Branches:
Dungeon (12/15)            Temple (1/1) D:4            Lair (0/8) D:9
    Orc (0/4) D:11

Altars:
Ashenzari
Cheibriados
Dithmenos
Elyvilon
Fedhas
Gozag
Kikubaaqudgha
Makhleb
Nemelex Xobeh
Okawaru
Qazlal
Ru
Sif Muna
Trog
Vehumet
Xom
Yredelemnul
Zin
The Shining One

Shops:
D:5 ?   D:10 :   D:11 [

Portals:
Trove: D:10 (give +4 gold dragon armour)

Annotations:
D:12 Snorg


Message History

There is an open door here.
You hit Snorg.
Snorg is lightly wounded.
Snorg bites you! Snorg claws you. Snorg closely misses you.
You hit Snorg.
Snorg is lightly wounded.
Snorg misses you. x2
Snorg claws you but does no damage.
You sock Snorg!
Snorg is moderately wounded.
Snorg goes berserk!
You sock Snorg!
Snorg is moderately wounded.
Snorg bites you. Snorg closely misses you. Snorg claws you but does no damage.
You sock Snorg!
Snorg is heavily wounded.
Snorg bites you. Snorg claws you! Snorg completely misses you.
Throwing (i - inventory. (,) - cycle):
E - 12 large rocks (quivered)
Press: ? - help, Shift-Dir - straight line, f - Snorg
Aim: Snorg (heavily wounded, berserk, fast, unusually strong)
You throw a large rock. The large rock hits Snorg!!
Snorg is heavily wounded.
Snorg bites you!! Snorg claws you! Snorg barely misses you.
Throwing (i - inventory. (,) - cycle):
E - 11 large rocks (quivered)
Press: ? - help, Shift-Dir - straight line, f/p - Snorg
Aim: Snorg (heavily wounded, berserk, fast, unusually strong)
You throw a large rock. The large rock completely misses Snorg.
Snorg bites you. Snorg claws you. Snorg barely misses you.
Throwing (i - inventory. (,) - cycle):
E - 10 large rocks (quivered)
Press: ? - help, Shift-Dir - straight line, f/p - Snorg
Aim: Snorg (heavily wounded, berserk, fast, unusually strong)
You throw a large rock. The large rock hits Snorg.
Snorg is severely wounded.
Snorg closely misses you. Snorg misses you. Snorg barely misses you.
Throwing (i - inventory. (,) - cycle):
E - 9 large rocks (quivered)
Press: ? - help, Shift-Dir - straight line, f/p - Snorg
Aim: Snorg (severely wounded, berserk, fast, unusually strong)
You throw a large rock. The large rock completely misses Snorg.
Snorg bites you! Snorg claws you!!
You die...

You could see Snorg (berserk).

Vanquished Creatures
  2 hill giants
  An ugly thing (D:8)
  A centaur zombie (D:11)
  A cyclops (D:11)
  A gargoyle (D:10)
  A komodo dragon (D:11)
  A troll (D:11)
  A two-headed ogre (D:11)
  A deep elf mage (D:7)
  A trapdoor spider (D:12)
  A shadow (D:11)
  6 yaks (D:12)
  Grum (D:10)
  A mottled dragon (D:11)
  2 wolves (D:10)
  A hungry ghost (D:11)
  A wraith (D:11)
  A water moccasin (D:5)
  4 wargs
  5 orc warriors
  A black bear (D:7)
  4 sky beasts
  2 ice beasts (D:11)
  4 phantoms
  A necrophage (D:8)
  The ghost of ololoev the Cudgeler, an average OgAM (D:3)
  2 ogres
  11 centaurs
  A big kobold (D:7)
  5 giant frogs
  3 scorpions
  9 killer bees
  3 wights
  2 giant frog zombies
  2 crimson imps
  7 hounds
  6 jellies
  A giant frog skeleton (D:6)
  5 orc priests
  3 iguanas (D:6)
  5 worker ants
  3 orc wizards
  2 sheep (D:11)
  A hound skeleton (D:6)
  A worker ant zombie (D:11)
  4 gnolls (D:9)
  16 adders
  2 shadow imps
  4 oozes
  An adder skeleton (D:6)
  An adder zombie (D:9)
  A worm (D:2)
  4 giant geckos
  19 orcs
  21 bats
  3 bat skeletons
  3 giant cockroaches
  10 goblins
  16 hobgoblins
  16 jackals
  5 quokkas
  A giant cockroach zombie (D:5)
  A giant gecko skeleton (D:8)
  5 giant newts
  22 kobolds
  A quokka zombie (D:6)
  11 rats
286 creatures vanquished.

Action                   |  1- 3 |  4- 6 |  7- 9 | 10-12 || total
-------------------------+-------+-------+-------+-------++-------
Melee: Short sword       |    21 |       |       |       ||    21
       Club              |   122 |   265 |       |       ||   387
       Flail             |       |    39 |   368 |   284 ||   691
 Fire: Blowgun           |       |       |       |     3 ||     3
Throw: Large rock        |       |    12 |    21 |    49 ||    82
       Throwing net      |       |       |     3 |     1 ||     4
       Javelin           |       |       |       |     3 ||     3
       Tomahawk          |       |       |       |     2 ||     2
  Use: Scroll            |       |     9 |     6 |     5 ||    20
       Potion            |       |     1 |       |       ||     1
 Stab: Sleeping          |     2 |     1 |     1 |     1 ||     5
       Held in net/web   |       |       |     2 |     2 ||     4
       Distracted        |       |       |     1 |       ||     1
  Eat: Chunk             |     1 |     8 |    11 |     5 ||    25
       Royal jelly       |       |     1 |       |       ||     1
       Fruit             |       |       |     6 |     2 ||     8
       Meat ration       |       |       |       |     1 ||     1

Vault maps used:
D:1:      minmay_arrival_glassed_features
D:3:      kiku_gazebo_garden_becter, kennysheep_cross_bottleneck
D:4:      grunt_dithmenos_smoke, grunt_temple_overflow_open,
          minmay_temple_entry_fiery, first_bread, serial_glass, glass_columns_a,
          glass_columns_a, corner_web_ring
D:5:      serial_shops, shop
D:6:      kennysheep_mini
D:8:      basic_altar
D:9:      erik_lair_orcish_takeover, hangedman_ranch
D:10:     nicolae_trove_entry_diagonal, serial_shops, shop, serial_column_ruins,
          column_ruins_hut_ruined, column_ruins_open_small,
          column_ruins_open_tiny_water, column_ruins_open_tiny, uniq_grum
D:11:     david_orc_3, serial_shops, shop
D:12:     minmay_crystal_water, uniq_snorg, uniq_nessos
Temple:   circular_temple_12
